 Dungeon Crawl Stone Soup version 0.31-a0-1074-g0b22e4e0f1 (webtiles) character file.

Game seed: 12170430975410192231

9699 nmoody145 the Arsonist (level 11, -7/91 HPs)
             Began as a Red Draconian Fire Elementalist on Nov 28, 2023.
             Was a Follower of Vehumet.
             Mangled by a slime creature (15 damage)
             ... on level 12 of the Dungeon.
             The game lasted 01:28:22 (14329 turns).

nmoody145 the Arsonist (DrFE)                      Turns: 14329, Time: 01:28:24

Health: -7/91      AC: 10    Str: 11    XL:     11   Next: 26%
Magic:  13/24      EV: 19    Int: 20    God:    Vehumet [*.....]
Gold:   531        SH:  0    Dex: 11    Spells: 12/29 levels left

rFire   + . .        p - +5 war axe of Prudence {freeze, *Noise rPois rC++ Stlth+}
rCold   + + .        (no shield)
rNeg    . . .        (body armour unavailable)
rPois   +            j - +2 hat
rElec   .            n - +0 cloak
rCorr   .            (no gloves)
SInv    .            (no boots)
Will    .....        h - amulet of faith
Stlth   +++          g - +5 ring of evasion
HPRegen 0.35/turn    v - ring of wizardry
MPRegen 0.19/turn

%: faith, wizardry (x1)
@: brilliant
A: breathe fire, AC +7, unfitting armour, fire resistance 1, cold-blooded
a: Breathe Fire, Renounce Religion


You were on level 12 of the Dungeon.
You worshipped Vehumet.
Vehumet was aware of your devotion.
You visited 2 branches of the dungeon, and saw 13 of its levels.

You collected 531 gold pieces.

Inventory:

Hand Weapons
 c - a +2 dagger of venom
 k - a +2 broad axe of flaming
 p - the +5 war axe of Prudence (weapon) {freeze, *Noise rPois rC++ Stlth+}
   (You found it on level 5 of the Dungeon)

   rC++:      It greatly protects you from cold.
   rPois:     It protects you from poison *Noise: It may make a loud noise when
   swung.
   Stlth+:    It makes you more stealthy.
 s - a +0 antimagic dagger
 t - a +4 dagger
Missiles
 w - 36 poisoned darts
 A - a throwing net
Armour
 j - a +2 hat (worn)
 m - +0 acid dragon scales
 n - a +0 cloak (worn)
 E - +0 acid dragon scales
Jewellery
 b - a ring of fire
 g - a +5 ring of evasion (left hand)
 h - an amulet of faith (around neck)
 o - a ring of ice
 v - a ring of wizardry (right hand)
 C - a ring of flight
Wands
 d - a wand of roots (4)
 f - a wand of digging (2)
 q - a wand of flame (53)
 x - a wand of polymorph (9)
Scrolls
 y - a scroll of amnesia
 B - 2 scrolls of enchant weapon
 D - a scroll of vulnerability
Potions
 i - a potion of enlightenment {unknown}
 l - a potion of degeneration
 r - a potion of attraction


   Skills:
 - Level 6.6 Fighting
 + Level 7.6 Dodging
 - Level 1.7 Stealth
 * Level 9.8 Spellcasting
 - Level 1.0 Conjurations
 + Level 0.0 Summonings
 * Level 12.8 Fire Magic


You had 12 spell levels left.
You knew the following spells:

 Your Spells              Type           Power      Damage    Failure   Level
a - Foxfire               Conj/Fire      100%       2x1d9     1%          1
b - Scorch                Fire           100%       2d9       1%          2
c - Inner Flame           Hex/Fire       52%        N/A       1%          3
d - Flame Wave            Conj/Fire      54%        2d13      1%          4
e - Dazzling Flash        Conj/Hex       34%        N/A       7%          3
f - Sandblast             Erth           28%        2d8       2%          1
g - Summon Guardian Gole  Hex/Summ       14%        N/A       9%          3

Your spell library contained the following spells:

 Spells                   Type           Power      Damage    Failure   Level
 Volatile Blastmotes      Fire/Tloc      100%       2d18      1%          3
 Summon Small Mammal      Summ           56%        N/A       2%          1
 Cigotuvi's Dreadful Rot  Necr/Pois/Air  28%        N/A       4%          2
 Ensorcelled Hibernation  Hex/Ice        28%        N/A       4%          2
 Jinxbite                 Hex            28%        N/A       4%          2
 Sublimation of Blood     Necr           14%        N/A       4%          2
 Wereblood                Tmut           14%        N/A       4%          2
 Call Canine Familiar     Summ           14%        N/A       9%          3
 Anguish                  Hex/Necr       7%         N/A       26%         4
 Dispel Undead            Necr           14%        3d10      26%         4
 Petrify                  Tmut/Erth      14%        N/A       26%         4
 Irradiate                Conj/Tmut      8%         3d14      52%         5
 Agony                    Necr           14%        N/A       58%         5
 Silence                  Hex/Air        7%         N/A       58%         5
 Death Channel            Necr           7%         N/A       98%         6
 Summon Hydra             Summ           7%         N/A       100%        7


Dungeon Overview and Level Annotations

Branches:
Dungeon (12/15)              Lair (1/5) D:8             Orc (0/2) D:9
 Temple: D:4-7

Altars:
Vehumet

Shops:
D:1 :

Annotations:
D:9 3 runed translucent doors, croobank's ghost, journeyman DsFE
Lair:1 Amaemon


Innate Abilities, Weirdness & Mutations

You can breathe blasts of fire.
Your fiery red scales are hard. (AC +7)
You cannot fit into any form of body armour.
Your flesh is heat resistant. (rF+)
You are cold-blooded and may be slowed by cold attacks.


Message History

You feel better. The slime creature hits you!
* * * LOW HITPOINT WARNING * * *
The gargoyle hits you with a +2 mace of venom.
* * * LOW HITPOINT WARNING * * *
Two slime creatures merge to form a large slime creature.
A slime creature comes into view.
You feel better. The slime creature hits you!
* * * LOW HITPOINT WARNING * * *
The gargoyle hits you with a +2 mace of venom.
* * * LOW HITPOINT WARNING * * *
You are poisoned.
The large slime creature completely misses you.
Two slime creatures merge to form a large slime creature.
You feel better. The gargoyle completely misses you.
A large slime creature splits.
You feel clever all of a sudden.
The gargoyle hurls a stone arrow at you.
The stone arrow misses you.
A large slime creature splits.
The slime creature hits you!
* * * LOW HITPOINT WARNING * * *
Two slime creatures merge to form a large slime creature.
The slime creature closely misses you.
Casting: Flame Wave (mildly dangerous; 1% risk of failure)
Press: ? - help, Q - select action, (/) - cycle Dir - look around, f - activate You feel a surge of power!
A wave of flame ripples out!
The flame wave engulfs the large slime creature!
The large slime creature is lightly wounded.
The flame wave engulfs the slime creature!!
The slime creature is moderately wounded.
The flame wave engulfs the slime creature!!
The slime creature is heavily wounded.
The flame wave engulfs the slime creature!!
The slime creature is heavily wounded.
The flame wave engulfs the gargoyle!
You destroy the gargoyle!
Vehumet accepts your kill. (Press . to intensify the flame waves.)
You hear a shout! x6
The slime creature barely misses you. The slime creature hits you!
You die...

########################
####.....##.........[.....#
..........'...)....>......#
####.....##...............#
##.....).).)............#
#..).)................###
#...##................#
#...##........JJ......#
######........@J......#
####.....J)..§##########
.......##.....J.......
..##.....§§§§§§........ ###
#.##.###.##........#
#.##.........##.#### #
#.........# .# #.........#
. #.###+##J## #


You could see a large slime creature and 4 slime creatures.

Vanquished Creatures
  A cyclops (D:11)
  An elephant (D:8)
  A gargoyle (D:12)
  Maggie (D:8)
  An unseen horror (D:11)
  3 trolls
  2 hornets
  Sigmund (D:2)
  2 shadows
  2 wraiths
  11 yaks
  A human (Lair:1)
  An acid dragon (D:10)
  A two-headed ogre zombie (D:9)
  Edmund (D:6)
  5 water moccasins
  3 orc warriors
  A sky beast (D:8)
  An ice beast (D:8)
  An ogre (D:6)
  2 centaurs (D:9)
  A phantom (D:4)
  5 kobold brigands
  7 bullfrogs
  A gnoll sergeant (D:12)
  5 scorpions
  9 wights
  10 killer bees (D:9)
  2 troll zombies (D:9)
  5 electric eels (D:11)
  3 hounds
  4 orc priests
  2 iguanas (D:5)
  3 sleepcaps
  6 orc wizards
  5 ogre zombies (D:9)
  12 gnolls
  12 adders
  A white imp (D:4)
  2 ufetubi (D:6)
  A worm (D:2)
  3 dart slugs
  32 orcs
  6 endoplasms
  3 giant cockroaches
  5 goblins
  9 hobgoblins
  7 jackals
  5 quokkas
  9 ball pythons
  2 bats
  7 frilled lizards
  2 gnoll skeletons (D:9)
  3 gnoll zombies (D:9)
  31 kobolds
  An orc skeleton (D:9)
  13 orc zombies (D:9)
  6 rats
283 creatures vanquished.

Vanquished Creatures (collateral kills)
  4 kobolds (D:8)
  2 foxfires (D:11)
6 creatures vanquished.

Vanquished Creatures (others)
  A wight (D:8)
  187 foxfires
188 creatures vanquished.

Grand Total: 477 creatures vanquished

Notes
Turn   | Place    | Note
-------+----------+-------------------------------------------
     0 | D:1      | nmoody145 the Draconian Fire Elementalist began the quest
                  | for the Orb.
     0 | D:1      | Reached XP level 1. HP: 14/14 MP: 3/3
   475 | D:1      | Reached XP level 2. HP: 10/20 MP: 3/5
   994 | D:1      | Found Ithruaf's Book Emporium.
  1523 | D:2      | Reached XP level 3. HP: 26/26 MP: 4/6
  1603 | D:2      | Noticed Sigmund
  1884 | D:3      | Found a faded altar of an unknown god.
  1914 | D:3      | Reached XP level 4. HP: 33/33 MP: 1/8
  1991 | D:3      | Learned a level 2 spell: Scorch
  1995 | D:3      | Learned a level 3 spell: Inner Flame
  2741 | D:2      | Reached skill level 4 in Fire Magic
  3028 | D:2      | Killed Sigmund
  3029 | D:2      | Reached XP level 5. HP: 38/38 MP: 0/10
  3029 | D:2      | Reached XP level 6. HP: 45/45 MP: 0/11
  3945 | D:4      | Reached skill level 5 in Fire Magic
  4370 | D:4      | Your scales start taking on a fiery red colour.
  4370 | D:4      | Reached skill level 6 in Fire Magic
  4370 | D:4      | Reached XP level 7. HP: 38/50 MP: 6/13
  4370 | D:4      | Gained mutation: Your flesh is heat resistant. (rF+) [Red
                  | Draconian growth]
  5183 | D:4      | Learned a level 4 spell: Flame Wave
  5409 | D:5      | Entered Level 5 of the Dungeon
  5961 | D:5      | Learned a level 3 spell: Dazzling Flash
  6175 | D:5      | Identified the +5 war axe of Prudence {freeze, *Noise rPois
                  | rC++ Stlth+}
  6384 | D:5      | Reached skill level 7 in Fire Magic
  6559 | D:6      | Reached skill level 5 in Dodging
  6559 | D:6      | Reached skill level 5 in Spellcasting
  6645 | D:6      | Reached skill level 1 in Fighting
  6645 | D:6      | Reached XP level 8. HP: 40/59 MP: 12/15
  6931 | D:6      | Noticed a hornet
  7177 | D:6      | Noticed Edmund
  7184 | D:6      | Killed Edmund
  7185 | D:6      | Reached skill level 8 in Fire Magic
  7366 | D:6      | Killed a hornet
  7924 | D:7      | Noticed a hornet
  7943 | D:8      | Killed a hornet
  7952 | D:8      | Reached skill level 9 in Fire Magic
  7952 | D:8      | Reached XP level 9. HP: 42/69 MP: 1/18
  8524 | D:8      | Noticed Maggie
  8537 | D:8      | Killed Maggie
  8541 | D:8      | Reached skill level 10 in Fire Magic
  8679 | D:8      | Noticed an elephant
  8787 | D:8      | Noticed a troll
  8802 | D:8      | Found a staircase to the Lair.
  9096 | D:8      | Killed an elephant
  9212 | Lair:1   | Entered Level 1 of the Lair of Beasts
  9325 | Lair:1   | Reached XP level 10. HP: 80/80 MP: 16/21
  9499 | Lair:1   | Noticed a boulder beetle
  9526 | Lair:1   | a boulder beetle changed into a human
  9529 | Lair:1   | Reached skill level 5 in Fighting
  9529 | Lair:1   | Reached skill level 11 in Fire Magic
  9529 | Lair:1   | Noticed Amaemon
  9532 | Lair:1   | Noticed an orange demon
  9726 | D:9      | Found a runed translucent gate.
  9726 | D:9      | Found a runed translucent gate.
  9726 | D:9      | Found a runed translucent gate.
  9733 | D:9      | Noticed croobank's ghost (journeyman DsFE)
 11668 | D:9      | Found a staircase to the Orcish Mines.
 11937 | D:10     | Entered Level 10 of the Dungeon
 11944 | D:10     | Reached skill level 12 in Fire Magic
 12939 | D:10     | Reached XP level 11. HP: 39/89 MP: 10/24
 13104 | D:10     | Found a radiant altar of Vehumet.
 13114 | D:10     | Became a worshipper of Vehumet
 13923 | D:11     | Identified the +2 falchion "Naocaq" {protect, rPois}
 14147 | D:12     | Reached * piety under Vehumet
 14147 | D:12     | Offered knowledge of Sandblast by Vehumet.
 14256 | D:12     | Learned a level 1 spell: Sandblast
 14261 | D:12     | Learned a level 3 spell: Summon Guardian Golem
 14329 | D:12     | Mangled by a slime creature

Illustrated notes

Levels and vault maps discovered:
D:1:      psy_arrival_radial01, layout_basic, serial_shops, nicolae_shop_trees,
          kennysheep_pointless_box, dreamdust_mushroom_princess, minivault_19
D:2:      layout_loops_corners, serial_bayou_pond_a, chequers_garden,
          uniq_sigmund
D:3:      layout_basic, hellmonk_ecumenical_altar_pennies_from_heaven
D:4:      cheibrodos_thug_alley, layout_basic, minmay_misc_feat_alley,
          corexii_shack
D:5:      layout_basic
D:6:      layout_loops_ring, uniq_edmund
D:7:      layout_cave_pools, zin_purify, minmay_temple_entry_glassed_door,
          uniq_joseph
D:8:      layout_cave_pools, grunt_lair_entry_orc_guard_hut,
          onia_ninara_dug_in_and_dangerous, uniq_maggie
D:9:      layout_roguey, zombieorc2_lemuel, gammafunk_ghost_spectres,
          kennysheep_generic_room_8
D:10:     layout_loops_ring, kennysheep_mini
D:11:     layout_cave_pools, serial_bayou_lagoon_b
D:12:     lemuel_vampire_tower, layout_basic
Lair:1:   layout_regular_city, pdpol_lair_cabin_in_the_woods, uniq_amaemon

Skill      XL: |  1  2  3  4  5  6  7  8  9 10 |
---------------+-------------------------------+-----
Dodging        | 2 3 4 5 6 7 |  7.6
Spellcasting   | 3 4 5 6 7 9 |  9.8
Fire Magic     | 4 6 7 9 10 12 | 12.8
Fighting       | 1 3 4 6 |  6.6
Stealth        | |  1.7
Conjurations   | |  1.0

Action                     |  1- 3 |  4- 6 |  7- 9 | 10-12 || total
---------------------------+-------+-------+-------+-------++-------
  Melee: Dagger            |    38 |    17 |    17 |       ||    72
         Tailslap          |     4 |     1 |    11 |     9 ||    25
         Punch             |       |     1 |     2 |     1 ||     4
         War axe           |       |       |    53 |    68 ||   121
   Cast: Foxfire           |    48 |     3 |    21 |    42 ||   114
         Scorch            |       |    50 |    95 |   157 ||   302
         Flame Wave        |       |       |     4 |    12 ||    16
         Dazzling Flash    |       |       |     1 |       ||     1
Ability: Breathe Fire      |       |       |    23 |     9 ||    32
  Evoke: Wand              |       |       |     8 |     6 ||    14
    Use: Scroll            |     2 |     3 |     9 |    11 ||    25
         Potion            |     1 |       |     1 |    10 ||    12
   Stab: Sleeping          |       |     1 |       |       ||     1
         Distracted        |       |       |     1 |       ||     1
 Armour: Skin              |    42 |    15 |    92 |   191 ||   340
  Dodge: Dodged            |    36 |    24 |   193 |   208 ||   461

Table legend: (Time is in decaauts)
 A = Elapsed time spent in this place.
 B = Non-inter-level travel time spent in this place.
 C = Inter-level travel time spent in this place.
 D = Time resting spent in this place.
 E = Time spent auto-exploring this place.
 F = Levels seen in this place.
 G = Mean time per level.
                   A        B        C        D        E       F      G
               +--------+--------+--------+--------+--------+-----+--------+
         Total |  14403 |  14282 |    121 |   4917 |      0 |  13 | 1107.9 |
       Dungeon |  13991 |  13870 |    121 |   4844 |      0 |  12 | 1165.9 |
          Lair |    411 |    411 |      0 |     73 |      0 |   1 |  411.0 |
               +--------+--------+--------+--------+--------+-----+--------+

Top non-repeatable levels by time:
     D:9: 2286 daAuts
     D:2: 1527 daAuts
     D:4: 1491 daAuts
     D:1: 1472 daAuts
     D:8: 1401 daAuts
     D:6: 1358 daAuts
    D:10: 1193 daAuts
     D:5: 1141 daAuts
    D:11: 942 daAuts
     D:3: 919 daAuts
  Lair:1: 411 daAuts
    D:12: 220 daAuts
     D:7: 37 daAuts
